 Dungeon Crawl Stone Soup version 0.26-a0-639-g72c4674329 (webtiles) character file.

Game seed: 3776794764715207284

682 DogServant the Magician (level 7, -2/39 HPs)
             Began as a Deep Elf Air Elementalist on Sept 15, 2020.
             Slain by an orc warrior
             ... wielding a +0 flail
              (24 damage)
             ... on level 6 of the Dungeon.
             The game lasted 00:09:29 (5364 turns).

DogServant the Magician (Deep Elf Air Elementalist) Turns: 5364, Time: 00:09:30

Health: -2/39      AC:  4    Str:  5    XL:     7   Next: 34%
Magic:  7/18       EV: 13    Int: 22    God:
Gold:   232        SH:  0    Dex: 15    Spells: 13/19 levels left

rFire    . . .     SeeInvis .   i - +3 dagger
rCold    . . .     Faith    .   (no shield)
rNeg     . . .     Spirit   .   g - +0 robe
rPois    .         Reflect  .   (no helmet)
rElec    .         Harm     .   p - +0 cloak
rCorr    .         Rampage  .   f - +0 pair of gloves
MR       .....                  (no boots)
Stlth    ++........             (no amulet)
HPRegen  0.13/turn              (no ring)
MPRegen  0.16/turn              (no ring)

@: no status effects
A: no striking features
a: no special abilities


You were on level 6 of the Dungeon.
You visited 1 branch of the dungeon, and saw 6 of its levels.

You collected 232 gold pieces.

Inventory:

Hand Weapons
 i - a +3 dagger (weapon)
Armour
 a - a +0 robe
 f - a +0 pair of gloves (worn)
 g - a +0 robe (worn)
 p - a +0 cloak (worn)
Jewellery
 n - a cursed -4 ring of strength {unknown}
Scrolls
 e - 3 scrolls of identify {unknown}
 h - 3 scrolls of amnesia {unknown}
 k - 2 scrolls of random uselessness {unknown}
 o - a scroll of teleportation {unknown}
 r - a scroll of fear {unknown}
 s - a scroll of noise {unknown}
 u - a scroll of magic mapping {unknown}
Potions
 b - 4 potions of curing {unknown}
 c - a potion of ambrosia {unknown}
 d - 2 potions of stabbing {unknown}
 j - a potion of flight {unknown}
 l - a potion of berserk rage {unknown}
 m - a potion of lignification {unknown}
 q - a potion of brilliance {unknown}
 t - a potion of magic {unknown}


   Skills:
 + Level 1.8 Fighting
 - Level 2.5 Dodging
 - Level 2.4 Stealth
 + Level 6.5 Spellcasting
 + Level 4.8 Conjurations
 + Level 5.2 Air Magic


You had 13 spell levels left.
You knew the following spells:

 Your Spells              Type           Power        Failure   Level
a - Shock                 Conj/Air       ####         1%          1
b - Swiftness             Air            ####....     1%          2
c - Static Discharge      Conj/Air       ####....     3%          3

Your spell library contained the following spells:

 Spells                   Type           Power        Failure   Level
 Airstrike                Air            ####......   10%         4
 Lightning Bolt           Conj/Air       ####......   30%         5


Dungeon Overview and Level Annotations

Branches:
Dungeon (6/15)
 Temple: D:4-7

Altars:
Elyvilon
Fedhas
Hepliaklqana
Nemelex Xobeh
Okawaru
Trog
Uskayaw
Xom

Annotations:
D:4 Grinder


Message History

The orc warrior hits you with a +0 flail!
You see here a +0 short sword.
An orc comes into view. It is wielding a -2 flail.
Casting: Static Discharge (dangerous; 3% risk of failure)
Confirm with . or Enter, or press ? or * to list all spells.
Press: ? - help, Shift-Dir - straight line The zap misses the orc warrior.
The zap hits the orc warrior.
The orc warrior is severely wounded.
The orc warrior hits you but does no damage.
Casting: Shock (safe; 1% risk of failure)
Confirm with . or Enter, or press ? or * to list all spells.
Aiming: Shock (safe; 1% risk of failure)
Press: ? - help, Shift-Dir - straight line The zap hits the orc warrior.
The orc warrior is severely wounded.
The zap hits the orc warrior.
The orc warrior is almost dead.
The orc warrior hits you with a +0 flail!!
Ouch! That really hurt!
You die...

#.###.#.#### .. #.#
#[#....#.# ##..#.
##.###.#......#......###
.......##..##..........
##..............#....#
....##.....######....#
###.#.#.##.######....#
###.#.#.##..o.)o..[..#
..#......#.#####@#####
#.###....[..# #.#
#.†.........# #.#
#####.......# #.#
#.......# #.. #.......#
### #.......# #.......#
#.......#


You could see an orc warrior and an orc.

Vanquished Creatures
  2 phantoms
  A bullfrog (D:6)
  A scorpion (D:6)
  2 orc priests
  3 iguanas
  An orc wizard (D:4)
  2 worker ants
  A hound zombie (D:5)
  A howler monkey zombie (D:5)
  2 worker ant zombies
  5 adders
  2 ufetubi
  2 oozes (D:3)
  3 worms (D:2)
  2 dart slugs
  2 leopard geckos (D:2)
  11 orcs
  2 ball pythons (D:3)
  4 bats
  2 giant cockroaches
  8 goblins
  9 hobgoblins
  2 jackals (D:2)
  3 quokkas
  2 frilled lizards (D:1)
  2 kobolds
  A quokka skeleton (D:5)
  4 rats
82 creatures vanquished.

Vanquished Creatures (others)
  An ogre (D:5)
  2 worker ants (D:5)
  3 adders (D:5)
6 creatures vanquished.

Grand Total: 88 creatures vanquished

Notes
Turn   | Place    | Note
-------+----------+-------------------------------------------
     0 | D:1      | DogServant the Deep Elf Air Elementalist began the quest
                  | for the Orb.
     0 | D:1      | Reached XP level 1. HP: 10/10 MP: 6/6
   491 | D:1      | Reached XP level 2. HP: 15/15 MP: 6/8
  1240 | D:2      | Reached XP level 3. HP: 19/19 MP: 5/10
  1286 | D:2      | Learned a level 2 spell: Swiftness
  1290 | D:2      | Learned a level 3 spell: Static Discharge
  1295 | D:2      | Reached skill level 4 in Spellcasting
  1921 | D:2      | Reached XP level 4. HP: 24/24 MP: 8/12
  2239 | D:2      | Found an iron altar of Okawaru.
  2850 | D:3      | Found a hide-covered altar of Uskayaw.
  2875 | D:3      | Noticed a +0 dagger
  2875 | D:3      | Noticed a +0 dagger
  2919 | D:3      | Found a white marble altar of Elyvilon.
  3047 | D:3      | Reached XP level 5. HP: 28/28 MP: 9/14
  3537 | D:4      | Found a bloodstained altar of Trog.
  3565 | D:4      | Reached skill level 5 in Spellcasting
  3753 | D:4      | Found a hazy altar of Hepliaklqana.
  3882 | D:4      | Noticed Grinder
  3906 | D:5      | Entered Level 5 of the Dungeon
  3986 | D:5      | Reached XP level 6. HP: 24/32 MP: 5/16
  4298 | D:5      | Found a blossoming altar of Fedhas.
  4343 | D:5      | Reached skill level 6 in Spellcasting
  4595 | D:5      | Found a sparkling altar of Nemelex Xobeh.
  4750 | D:5      | Found a shimmering altar of Xom.
  5020 | D:6      | Reached skill level 1 in Fighting
  5024 | D:6      | Reached skill level 5 in Air Magic
  5024 | D:6      | Reached XP level 7. HP: 32/38 MP: 8/18
  5364 | D:6      | Slain by an orc warrior

Illustrated notes

Levels and vault maps discovered:
D:1:      wander_arrival_abandoned_jail, layout_basic
D:2:      layout_loops_ring, kennysheep_okawaru_gauntlet,
          kennysheep_cluttered_room
D:3:      layout_basic, lemuel_round_altar, dancing_weapons_uskayaw
D:4:      layout_basic, old_standard_altar, old_standard_altar,
          minmay_goblin_outpost, uniq_grinder, uniq_natasha
D:5:      layout_loops_ring, nemelex_xobeh_ov_fountains_minmay,
          lemuel_crystal_altar, xom_confusion_cloud, nrook_pool_corridor
D:6:      layout_basic, minmay_temple_entry_tees, gammafunk_ghost_nasty_kobolds,
          uniq_sigmund, uniq_duvessa, uniq_pikel, uniq_eustachio

Skill      XL: |  1  2  3  4  5  6 |
---------------+-------------------+-----
Conjurations   | 2 3 4 |  4.8
Spellcasting   | 4 5 6 |  6.5
Air Magic      | 4 5 |  5.2
Fighting       | 1 |  1.8
Dodging        | |  2.5
Stealth        | |  2.4

Action                   |  1- 3 |  4- 6 |  7- 9 || total
-------------------------+-------+-------+-------++-------
Melee: Dagger            |       |     1 |       ||     1
 Cast: Shock             |    68 |   135 |    35 ||   238
       Swiftness         |       |     3 |       ||     3
       Static Discharge  |       |     3 |     4 ||     7
  Use: Scroll            |     1 |       |       ||     1
Armor: Robe              |       |     5 |     3 ||     8
Dodge: Dodged            |     9 |    25 |     4 ||    38

Table legend: (Time is in decaauts)
 A = Elapsed time spent in this place.
 B = Non-inter-level travel time spent in this place.
 C = Inter-level travel time spent in this place.
 D = Time resting spent in this place.
 E = Time spent auto-exploring this place.
 F = Levels seen in this place.
 G = Mean time per level.
                   A        B        C        D        E       F      G
               +--------+--------+--------+--------+--------+-----+--------+
         Total |   5361 |   5229 |    132 |    416 |   4271 |   6 |  893.5 |
       Dungeon |   5361 |   5229 |    132 |    416 |   4271 |   6 |  893.5 |
               +--------+--------+--------+--------+--------+-----+--------+

Top non-repeatable levels by time:
     D:3: 1273 daAuts
     D:2: 1162 daAuts
     D:1: 1097 daAuts
     D:5: 1093 daAuts
     D:4: 370 daAuts
     D:6: 363 daAuts
